[Event "GER-ch Youth U18 2019"]
[Site "Willingen"]
[Date "2019.06.10"]
[Round "3.13"]
[White "Engel, Robert"]
[Black "Knoedler, Marcel"]
[Result "1/2-1/2"]
[ECO "B15"]
[WhiteElo "2067"]
[BlackElo "1633"]
[Annotator "NA"]
[PlyCount "74"]
[EventDate "2019.06.07"]
[EventType "swiss"]
[EventRounds "9"]
[EventCountry "GER"]
[SourceTitle "playchess.com"]
[Source "ChessBase"]
[SourceQuality "1"]
[TimeControl "40/5400+30:1800+30"]

1. e4 c6 2. d4 d5 3. Nc3 dxe4 4. Nxe4 Nf6 5. Nxf6+ exf6 6. Nf3 Bd6 7. Bd3 O-O 8. O-O Be6 9. b3 Qa5 10. h3 Qh5 11. Nd2 Qh4 12. Ne4 Bc7 13. f4 f5 14. Ng5 h6 15. Nxe6 fxe6 16. Qe2 Qe7 17. Re1 Rf6 18. Bc4 Kf7 19. Qh5+ Kf8 20. Kh1 b5 21. Bd3 Ba5 22. Re2 Bc3 23. Rb1 Bxd4 24. Bd2 Nd7 25. Be1 Qf7 26. Qf3 e5 27. Bb4+ Kg8 28. fxe5 Nxe5 29. Qf4 Nxd3 30. Qxd4 Nxb4 31. Qxb4 Re8 32. Rbe1 Rfe6 33. Rxe6 Rxe6 34. Rxe6 Qxe6 35. a4 Qe4 36. Qc5 a6 37. axb5 axb5 {[%emt 0:00:31] normal} 1/2-1/2

[Event "GER-ch Youth U18 2019"]
[Site "Willingen"]
[Date "2019.06.10"]
[Round "3.14"]
[White "Sureshkumar, Atchuthan"]
[Black "Lange, Jannis"]
[Result "0-1"]
[ECO "B33"]
[WhiteElo "1502"]
[BlackElo "2024"]
[Annotator "NA"]
[PlyCount "40"]
[EventDate "2019.06.07"]
[EventType "swiss"]
[EventRounds "9"]
[EventCountry "GER"]
[SourceTitle "playchess.com"]
[Source "ChessBase"]
[SourceQuality "1"]
[TimeControl "40/5400+30:1800+30"]

1. e4 c5 2. Nf3 Nc6 3. d4 cxd4 4. Nxd4 Nf6 5. Nc3 e5 6. Ndb5 d6 7. Bg5 a6 8. Na3 b5 9. Nd5 Be7 10. Bxf6 Bxf6 11. c4 b4 12. Nc2 a5 13. Be2 Bg5 14. O-O O-O 15. b3 Be6 16. f4 exf4 17. Nxf4 Bf6 18. Rb1 Be5 19. Nd5 Qh4 20. h3 Bxh3 {normal} 0-1

[Event "GER-ch Youth U18 2019"]
[Site "Willingen"]
[Date "2019.06.11"]
[Round "4.1"]
[White "Kuznecovs, Nikita"]
[Black "Engel, Luis"]
[Result "0-1"]
[ECO "A06"]
[WhiteElo "2317"]
[BlackElo "2512"]
[Annotator "RC"]
[PlyCount "102"]
[EventDate "2019.06.07"]
[EventType "swiss"]
[EventRounds "9"]
[EventCountry "GER"]
[SourceTitle "playchess.com"]
[Source "ChessBase"]
[SourceQuality "1"]
[TimeControl "40/5400+30:1800+30"]

1. Nf3 d5 2. c4 e6 3. b3 Nf6 4. g3 c5 5. Bg2 Nc6 6. O-O d4 7. e3 e5 8. d3 Be7 9. exd4 exd4 10. Bg5 O-O 11. Bxf6 Bxf6 12. Na3 Bf5 13. Qd2 Re8 14. Rfe1 Qd7 15. Nc2 a5 16. Rxe8+ Rxe8 17. a3 h6 18. h4 Qc7 19. Rb1 Qb6 20. Kh2 Re7 21. Kg1 Qa6 22. Re1 b5 23. Rxe7 Nxe7 24. Qe2 a4 25. g4 Bxg4 26. b4 bxc4 27. dxc4 Bf5 28. b5 Qa5 29. Nce1 Be6 30. Qc2 Nc8 31. Bf1 Nb6 32. Nd3 Qc3 33. Qxc3 dxc3 34. Nfe1 Bxc4 35. Nxc5 Bb3 36. Bd3 Be7 37. Ne4 Bxa3 38. Nxc3 Bb4 39. Nxa4 Bxa4 40. Nf3 Bb3 41. Be4 Bd5 42. Bxd5 Nxd5 43. Ne5 f6 44. Nc4 Bc5 45. Kg2 Kf7 46. Kg3 Nc3 47. b6 Ne4+ 48. Kf4 Nd6 49. b7 Nxb7 50. f3 Nd6 51. Nb2 Kg6 {[%emt 0:00:58] normal} 0-1

[Event "GER-ch Youth U18 2019"]
[Site "Willingen"]
[Date "2019.06.11"]
[Round "4.3"]
[White "Maetzkow, Maximilian Paul"]
[Black "Muckle, Julius"]
[Result "0-1"]
[ECO "D12"]
[WhiteElo "2338"]
[BlackElo "2370"]
[Annotator "NA RC"]
[PlyCount "134"]
[EventDate "2019.06.07"]
[EventType "swiss"]
[EventRounds "9"]
[EventCountry "GER"]
[SourceTitle "playchess.com"]
[Source "ChessBase"]
[SourceQuality "1"]
[TimeControl "40/5400+30:1800+30"]

1. d4 d5 2. c4 c6 3. Nf3 Nf6 4. e3 Bf5 5. Nc3 e6 6. Nh4 Be4 7. f3 Bg6 8. Qb3 Qc7 9. Bd2 Be7 10. Be2 dxc4 11. Bxc4 b5 12. Be2 {[%emt 0:03:07] unterminated} a6 {[%emt 0:17:04] unterminated} 13. O-O {[%emt 0:15:52] unterminated} c5 {[%emt 0:09:58] unterminated} 14. dxc5 {[%emt 0:08:46] unterminated} Nbd7 $11 15. Nxg6 hxg6 16. f4 Nxc5 17. Qc2 O-O 18. Rac1 Rac8 19. Bf3 Rfd8 20. Ne2 Qd7 21. Nd4 Nce4 22. Qd3 Nxd2 23. Qxd2 Bc5 24. Rfd1 Bxd4 25. exd4 Rxc1 26. Qxc1 Rc8 27. Qe3 Rc2 28. Rd2 Rc1+ 29. Rd1 Rxd1+ 30. Bxd1 Nd5 31. Qd2 Qd6 32. g3 Nb4 33. Bb3 Nc6 34. d5 Ne7 35. Kf2 exd5 36. Qd4 Nf5 37. Qxd5 Qb6+ 38. Ke2 Qe3+ 39. Kf1 Qc1+ 40. Kf2 Qxb2+ 41. Kg1 Qd4+ 42. Qxd4 Nxd4 43. Bd1 Kf8 44. Kf2 Ke7 45. Ke3 Ne6 46. h4 Nc5 47. Kd4 Kd6 48. Be2 Ne6+ 49. Ke4 f5+ 50. Ke3 Kc5 51. h5 Nd4 52. Bd1 gxh5 53. Bxh5 a5 54. Kd3 b4 55. Bd1 Nb5 56. Bb3 Nd6 57. Be6 a4 58. Bd7 a3 59. Kc2 Nb5 60. g4 Nd4+ 61. Kb1 g6 62. g5 Ne2 63. Be8 Nxf4 64. Kc2 Ne6 65. Bxg6 f4 66. Kd2 Nxg5 67. Ke2 Kd4 {[%emt 0:00:15] normal} 0-1

[Event "GER-ch Youth U18 2019"]
[Site "Willingen"]
[Date "2019.06.11"]
[Round "4.4"]
[White "Muetsch, Annmarie"]
[Black "Parvanyan, Ashot"]
[Result "0-1"]
[ECO "B06"]
[WhiteElo "2266"]
[BlackElo "2421"]
[Annotator "NA RC"]
[PlyCount "84"]
[EventDate "2019.06.07"]
[EventType "swiss"]
[EventRounds "9"]
[EventCountry "GER"]
[SourceTitle "playchess.com"]
[Source "ChessBase"]
[SourceQuality "1"]
[TimeControl "40/5400+30:1800+30"]

1. e4 g6 2. d4 Bg7 3. Nc3 d6 4. f4 a6 5. Nf3 b5 6. Bd3 Nd7 7. e5 Bb7 8. Ng5 {[%emt 0:00:34] unterminated} Nf8 (8... e6 $14) 9. Qe2 {[%emt 0:00:26] unterminated} b4 10. Nce4 Nh6 {[%emt 0:01:43] unterminated} 11. Bb5+ {[%emt 0:11:45] unterminated} axb5 12. Qxb5+ Nd7 {[%emt 0:00:07] unterminated} 13. Qxb7 Rb8 {[%emt 0:00:26] unterminated} 14. Qc6 Rb6 15. Qa4 {[%emt 0:00:28] unterminated} e6 {[%emt 0:02:49] unterminated} 16. Bd2 $16 Nf5 17. Nf3 O-O 18. O-O Rb8 19. Rfe1 c5 20. dxc5 d5 21. Nd6 Nxc5 22. Qa7 Nxd6 23. Qxc5 Ne4 24. Qd4 f6 25. Rad1 fxe5 26. fxe5 Qe7 27. Be3 Rbc8 28. Qd3 Qc7 29. Qa6 Rfe8 30. Rf1 Ra8 31. Qd3 Rxa2 32. Qb3 Raa8 33. Rd4 Rac8 34. Rxb4 Qxc2 35. Qxc2 Rxc2 36. Rb7 Re2 37. Bf4 Nc5 38. Rc7 Nd3 39. Bg3 Bh6 40. b3 Rf8 41. Re7 Nxe5 42. Rxe6 Nxf3+ {[%emt 0:00:14] normal} 0-1

[Event "GER-ch Youth U18 2019"]
[Site "Willingen"]
[Date "2019.06.11"]
[Round "4.10"]
[White "Martin, Julian"]
[Black "Hinrichs, Niklas"]
[Result "1-0"]
[ECO "B90"]
[WhiteElo "2370"]
[BlackElo "2115"]
[Annotator "NA"]
[PlyCount "95"]
[EventDate "2019.06.07"]
[EventType "swiss"]
[EventRounds "9"]
[EventCountry "GER"]
[SourceTitle "playchess.com"]
[Source "ChessBase"]
[SourceQuality "1"]
[TimeControl "40/5400+30:1800+30"]

1. e4 c5 2. Nf3 d6 3. d4 cxd4 4. Nxd4 Nf6 5. Nc3 a6 6. h4 e6 7. g4 d5 8. exd5 Nxd5 9. Bd2 b5 10. Bg2 {[%emt 0:01:32] unterminated} Bb7 11. Qf3 Nd7 {[%emt 0:02:53] unterminated} 12. O-O-O {[%emt 0:28:33] unterminated} N7b6 {[%emt 0:14:32] unterminated} 13. Nxd5 {[%emt 0:09:34] unterminated} Bxd5 {[%emt 0:06:24] unterminated} 14. Qh3 {[%emt 0:02:31] unterminated} Bxg2 15. Qxg2 Qd5 {[%emt 0:00:05] unterminated} 16. Qxd5 $11 Nxd5 17. f4 Bc5 18. Nf3 h5 19. g5 Ne3 20. Rde1 Nf5 21. g6 Rh6 22. gxf7+ Kxf7 23. Ng5+ Ke7 24. Ne4 Bd4 25. Rh3 a5 26. Rb3 b4 27. a3 Nxh4 28. f5 Nxf5 29. Bxh6 gxh6 30. axb4 axb4 31. Rxb4 Ra7 32. Kd2 Rd7 33. Ke2 Be3 34. c3 h4 35. Ra4 Bg5 36. Rd1 Rc7 37. Kf3 Kf7 38. b4 Ng3 39. Nd6+ Kg6 40. c4 e5 41. b5 e4+ 42. Kg2 Kh5 43. Kh3 Bf4 44. b6 Rg7 45. Ra5+ Rg5 46. b7 Nh1 47. Rxg5+ hxg5 48. Kg2 {[%emt 0:00:36] normal} 1-0

[Event "GER-ch Youth U18 2019"]
[Site "Willingen"]
[Date "2019.06.11"]
[Round "4.13"]
[White "Engel, Robert"]
[Black "Schnabel, Bennett"]
[Result "1-0"]
[ECO "B01"]
[WhiteElo "2067"]
[BlackElo "2125"]
[Annotator "NA"]
[PlyCount "81"]
[EventDate "2019.06.07"]
[EventType "swiss"]
[EventRounds "9"]
[EventCountry "GER"]
[SourceTitle "playchess.com"]
[Source "ChessBase"]
[SourceQuality "1"]
[TimeControl "40/5400+30:1800+30"]

1. e4 d5 2. exd5 Qxd5 3. Nf3 Nf6 4. d4 Bg4 5. Be2 Nc6 6. c4 Qd6 7. d5 Bxf3 8. Bxf3 Qe5+ 9. Be3 O-O-O 10. Qe2 Nd4 11. Bxd4 Qxd4 12. O-O g5 13. Rd1 Qf4 14. g3 Qf5 15. Nc3 g4 16. Bg2 Nd7 17. Qe3 Ne5 18. Qxa7 Nf3+ 19. Bxf3 gxf3 20. Qe3 Rd6 21. Rd4 e5 22. Qe4 Qd7 23. Rd3 Rh6 24. Rxf3 Rh5 25. Rd3 Bc5 26. Rb1 Qh3 27. Qg2 Qg4 28. Ne4 Be7 29. d6 cxd6 30. Rb3 Qh3 31. Qxh3+ Rxh3 32. Rd1 Rd8 33. Rf3 f6 34. Nc3 Kd7 35. Nd5 Rh6 36. Rb3 Rb8 37. Ne3 Rg6 38. Rb6 f5 39. Nxf5 Rf6 40. Nxd6 Kc7 41. c5 {[%emt 0:30:10] normal} 1-0

[Event "GER-ch Youth U18 2019"]
[Site "Willingen"]
[Date "2019.06.11"]
[Round "4.14"]
[White "Knoedler, Marcel"]
[Black "Sureshkumar, Atchuthan"]
[Result "1/2-1/2"]
[ECO "D00"]
[WhiteElo "1633"]
[BlackElo "1502"]
[Annotator "NA"]
[PlyCount "55"]
[EventDate "2019.06.07"]
[EventType "swiss"]
[EventRounds "9"]
[EventCountry "GER"]
[SourceTitle "playchess.com"]
[Source "ChessBase"]
[SourceQuality "1"]
[TimeControl "40/5400+30:1800+30"]

1. d4 d5 2. Bf4 Nc6 3. e3 a6 4. Nd2 Nf6 5. Ngf3 Bg4 6. h3 Bh5 7. Be2 e6 8. Ne5 Bxe2 9. Qxe2 Nxe5 10. Bxe5 Bd6 11. f4 O-O 12. O-O Nd7 13. Bxd6 cxd6 14. c4 Nb6 15. Rfc1 Rc8 16. Rc2 dxc4 17. Nxc4 Rxc4 18. Rxc4 Nxc4 19. Qxc4 Qc8 20. Rc1 Qxc4 21. Rxc4 f5 22. Kf2 g6 23. Ke2 Kg7 24. Kd3 Kf6 25. a4 g5 26. fxg5+ Kxg5 27. Rc7 {[%emt 0:01:29] normal} Rb8 28. Rxh7 {normal} 1/2-1/2

[Event "GER-ch Youth U18 2019"]
[Site "Willingen"]
[Date "2019.06.12"]
[Round "5.1"]
[White "Engel, Luis"]
[Black "Buckels, Valentin"]
[Result "1/2-1/2"]
[ECO "B12"]
[WhiteElo "2512"]
[BlackElo "2443"]
[Annotator "ChessBase"]
[PlyCount "141"]
[EventDate "2019.06.07"]
[EventType "swiss"]
[EventRounds "9"]
[EventCountry "GER"]
[SourceTitle "playchess.com"]
[Source "ChessBase"]
[SourceQuality "1"]
[TimeControl "40/5400+30:1800+30"]

1. e4 c6 2. d4 d5 3. e5 Bf5 4. Nf3 e6 5. Be2 Nd7 6. O-O Bg6 7. Nbd2 Nh6 8. Nb3 Be7 9. a4 a5 10. Bd2 O-O 11. Rc1 f6 12. c4 Be4 13. cxd5 Bxd5 14. Bxh6 gxh6 15. exf6 Bxf6 16. Re1 e5 17. Bc4 Bxc4 18. Rxc4 Nb6 19. Rc1 exd4 20. Nbxd4 Bxd4 21. Nxd4 Qf6 22. Rc2 Rad8 23. Qg4+ Kh8 24. Ne6 Rde8 25. Rce2 Rg8 26. Qe4 Nd5 27. g3 Re7 28. Qe5 Qxe5 29. Rxe5 Nb6 30. Nc5 Rxe5 31. Rxe5 Nc4 32. Re2 b6 33. Nd7 Rd8 34. Re7 Kg8 35. b3 Nd6 36. Nxb6 Rb8 37. Re6 Rxb6 38. Rxd6 Rxb3 39. Rxc6 Rb4 40. Rxh6 Rxa4 41. Ra6 Kg7 42. Kg2 h5 43. f3 Ra2+ 44. Kh3 a4 45. g4 Ra3 46. Kg2 hxg4 47. fxg4 Kh7 48. h4 Kg7 49. h5 Kf7 50. g5 Ra2+ 51. Kg3 Ra1 52. g6+ Kg7 53. Ra7+ Kf6 54. Kg2 Rb1 55. Rxa4 Rb7 56. Kg3 Kg5 57. Ra5+ Kh6 58. Rf5 Rb4 59. Kf3 Rb7 60. Kg4 Rb4+ 61. Kf3 Rb7 62. Re5 Rb4 63. Re4 Rb5 64. Rg4 Rb7 65. Rg1 Ra7 66. Rg4 Rb7 67. Kg3 Rb3+ 68. Kh4 Rb7 69. Rf4 Rb5 70. Kg3 Kxh5 71. g7 {[%emt 0:00:25] normal} 1/2-1/2

[Event "GER-ch Youth U18 2019"]
[Site "Willingen"]
[Date "2019.06.12"]
[Round "5.2"]
[White "Parvanyan, Ashot"]
[Black "Kuznecovs, Nikita"]
[Result "1-0"]
[ECO "C15"]
[WhiteElo "2421"]
[BlackElo "2317"]
[Annotator "NA"]
[PlyCount "87"]
[EventDate "2019.06.07"]
[EventType "swiss"]
[EventRounds "9"]
[EventCountry "GER"]
[SourceTitle "playchess.com"]
[Source "ChessBase"]
[SourceQuality "1"]
[TimeControl "40/5400+30:1800+30"]

1. e4 e6 2. d4 d5 3. Nc3 Bb4 4. a3 Bxc3+ 5. bxc3 dxe4 6. Qg4 Nf6 7. Qxg7 Rg8 8. Qh6 Rg6 9. Qd2 Nbd7 10. Ne2 b6 11. c4 e5 12. Bb2 exd4 13. Nxd4 Qe7 14. O-O-O Bb7 15. Nf5 Qc5 16. Ne3 O-O-O 17. Be2 Bc6 18. Qc3 Re8 19. Rd2 Ne5 20. h3 Rg5 21. Rhd1 Nfd7 22. Bf1 Qf8 23. Nd5 f6 24. Qe3 Nc5 25. Qf4 Rg6 26. Re1 Ne6 27. Qf5 Bxd5 28. cxd5 Rg5 29. Qxe6+ Rxe6 30. dxe6 Qe7 31. Ba6+ Kb8 32. Red1 Rg8 33. Rd4 f5 34. Rd5 Nc6 35. Bc4 Qg5+ 36. Kb1 Kb7 37. g4 Rf8 38. gxf5 Rxf5 39. Rxf5 Qxf5 40. Bd5 Qh5 41. Rd4 e3 42. fxe3 Qg5 43. h4 Qxe3 44. Rc4 {[%emt 0:01:00] normal} 1-0

[Event "GER-ch Youth U18 2019"]
[Site "Willingen"]
[Date "2019.06.12"]
[Round "5.3"]
[White "Muckle, Julius"]
[Black "Roseneck, Jonas"]
[Result "1/2-1/2"]
[ECO "D80"]
[WhiteElo "2370"]
[BlackElo "2403"]
[Annotator "NA"]
[PlyCount "133"]
[EventDate "2019.06.07"]
[EventType "swiss"]
[EventRounds "9"]
[EventCountry "GER"]
[SourceTitle "playchess.com"]
[Source "ChessBase"]
[SourceQuality "1"]
[TimeControl "40/5400+30:1800+30"]

1. d4 Nf6 2. c4 g6 3. Nc3 d5 4. Bg5 Ne4 5. Bh4 Nxc3 6. bxc3 dxc4 7. e3 Be6 8. Rb1 Nd7 9. Nf3 Nb6 10. Be2 Bg7 11. O-O O-O 12. Qc2 Qe8 13. Nd2 Rc8 14. Bf3 c5 15. Bxb7 Rc7 16. Bf3 cxd4 17. exd4 Qa4 18. Qb2 Bf5 19. Ne4 Qa5 20. Bg3 Rcc8 21. Rfc1 Bxe4 22. Bxe4 f5 23. Bb7 f4 24. Bxc8 Nxc8 25. Qe2 fxg3 26. Qxc4+ Kh8 27. hxg3 Nd6 28. Qe6 Qc7 29. g4 Nf7 30. Qd5 Qf4 31. Qf3 Qg5 32. Re1 e5 33. d5 Nh6 34. Qe3 Qxg4 35. Qxa7 Nf5 36. Rb4 Qg5 37. Qa4 Qd2 38. Qd1 Qxc3 39. Rb7 Nd4 40. Re3 Qa5 41. Qb1 Qxd5 42. Rb8 Nc6 43. Rxf8+ Bxf8 44. Qe4 Qe6 45. Rc3 Nd4 46. Re3 Nc6 47. Rc3 Nb4 48. a4 Nd5 49. Qc4 Kg7 50. Rd3 Nf4 51. Qxe6 Nxe6 52. Rd7+ Kf6 53. a5 Nc5 54. Rc7 h5 55. a6 Nxa6 56. Rc6+ Kf5 57. Rxa6 Bc5 58. Kf1 Bd4 59. g3 Bc5 60. Ke2 Bd4 61. Rc6 Ba7 62. f3 Bd4 63. Ra6 Bc5 64. Kf1 Be3 65. Kg2 Bd4 66. Kh3 g5 67. Rh6 {[%emt 0:01:24] normal} 1/2-1/2

[Event "GER-ch Youth U18 2019"]
[Site "Willingen"]
[Date "2019.06.12"]
[Round "5.4"]
[White "Faerber, David"]
[Black "Riess, Alexander"]
[Result "0-1"]
[ECO "C77"]
[WhiteElo "2293"]
[BlackElo "2305"]
[Annotator "NA"]
[PlyCount "98"]
[EventDate "2019.06.07"]
[EventType "swiss"]
[EventRounds "9"]
[EventCountry "GER"]
[SourceTitle "playchess.com"]
[Source "ChessBase"]
[SourceQuality "1"]
[TimeControl "40/5400+30:1800+30"]

1. e4 e5 2. Nf3 Nc6 3. Bb5 a6 4. Ba4 Nf6 5. d3 d6 6. c3 g6 7. O-O Bg7 8. Re1 O-O 9. Nbd2 Nh5 10. Bxc6 bxc6 11. d4 exd4 12. cxd4 f5 13. e5 Be6 14. b3 dxe5 15. Ba3 Re8 16. dxe5 Nf4 17. Qc2 Bd5 18. Rad1 a5 19. Bc5 h6 20. Bd4 Qe7 21. Re3 Qf7 22. Rde1 Ne6 23. Bb2 Bf8 24. Rc1 Bc5 25. Ree1 Bb6 26. Qc3 a4 27. Nc4 c5 28. Rcd1 Red8 29. Bc1 Kh7 30. Qe3 g5 31. h4 f4 32. Qd3+ Qg6 33. hxg5 hxg5 34. Qxg6+ Kxg6 35. Bb2 g4 36. Nfd2 Kf5 37. Nf1 Bxc4 38. bxc4 Rxd1 39. Rxd1 Nd4 40. Nd2 Re8 41. Nb1 Rxe5 42. Kf1 Ba5 43. Bc3 Bb6 44. Re1 Rxe1+ 45. Kxe1 Ke4 46. Kd2 f3 47. gxf3+ gxf3 48. Na3 c6 49. Nb1 Bd8 {[%emt 0:01:03] normal} 0-1

[Event "GER-ch Youth U18 2019"]
[Site "Willingen"]
[Date "2019.06.12"]
[Round "5.5"]
[White "Schmider, Niklas"]
[Black "Maetzkow, Maximilian Paul"]
[Result "1-0"]
[ECO "C11"]
[WhiteElo "2300"]
[BlackElo "2338"]
[Annotator "NA"]
[PlyCount "125"]
[EventDate "2019.06.07"]
[EventType "swiss"]
[EventRounds "9"]
[EventCountry "GER"]
[SourceTitle "playchess.com"]
[Source "ChessBase"]
[SourceQuality "1"]
[TimeControl "40/5400+30:1800+30"]

1. e4 e6 2. d4 d5 3. Nc3 Nf6 4. e5 Nfd7 5. f4 c5 6. Nf3 Nc6 7. Be3 Be7 8. Qd2 O-O 9. dxc5 Nxc5 10. O-O-O b6 11. Kb1 a6 12. h4 Qc7 13. Qf2 Bb7 14. Bd3 Rac8 15. Ne2 f6 16. exf6 Bxf6 17. Bxc5 bxc5 18. Qxc5 Qd7 19. Qe3 Rfe8 20. Ne5 Bxe5 21. fxe5 Qc7 22. h5 Qxe5 23. Qd2 Rf8 24. h6 g6 25. g3 Rce8 26. Nf4 Qg5 27. Rhe1 Qxh6 28. Qc3 Nd8 29. Qb3 Qg7 30. Qb6 e5 31. Nh3 e4 32. Be2 Qf6 33. Qb3 Ne6 34. Bg4 Rb8 35. Bxe6+ Qxe6 36. Ng5 Qe5 37. Nxe4 Rfe8 38. Nf6+ Qxf6 39. Rxe8+ Rxe8 40. Qxb7 Qf3 41. Rc1 Qxg3 42. Qxd5+ Kh8 43. c4 Qf4 44. c5 Qf5+ 45. Qxf5 gxf5 46. b4 f4 47. Kc2 Kg7 48. Kd2 Kf6 49. a4 Rc8 50. Ke2 Ke5 51. Kf3 Kd5 52. Kxf4 Rb8 53. Rd1+ Kc4 54. Rc1+ Kd5 55. Rd1+ Kc4 56. c6 Rc8 57. Ke5 Kxb4 58. Rc1 Kxa4 59. Kd5 Kb3 60. Ra1 Ra8 61. c7 Kc2 62. Rxa6 Rc8 63. Ke4 {normal} 1-0

[Event "GER-ch Youth U18 2019"]
[Site "Willingen"]
[Date "2019.06.12"]
[Round "5.6"]
[White "Wong, Gengchun"]
[Black "Martin, Julian"]
[Result "0-1"]
[ECO "B96"]
[WhiteElo "2144"]
[BlackElo "2370"]
[Annotator "NA"]
[PlyCount "54"]
[EventDate "2019.06.07"]
[EventType "swiss"]
[EventRounds "9"]
[EventCountry "GER"]
[SourceTitle "playchess.com"]
[Source "ChessBase"]
[SourceQuality "1"]
[TimeControl "40/5400+30:1800+30"]

1. e4 c5 2. Nf3 d6 3. d4 cxd4 4. Nxd4 Nf6 5. Nc3 a6 6. Bg5 e6 7. f4 Nbd7 8. Qf3 h6 9. Bh4 e5 10. fxe5 Nxe5 11. Qe2 Be7 12. Nf3 O-O 13. O-O-O Qc7 14. Nxe5 dxe5 15. Qc4 Qa5 16. Nd5 Nxd5 17. Rxd5 b5 18. Bg3 Be6 19. Qb3 Bxd5 20. exd5 e4 21. Be2 Bg5+ 22. Kb1 Qd2 23. Bg4 Qxg2 24. Rd1 f5 25. Bh5 f4 26. d6+ Kh8 27. Be1 f3 {[%emt 0:00:32] normal} 0-1

[Event "GER-ch Youth U18 2019"]
[Site "Willingen"]
[Date "2019.06.12"]
[Round "5.7"]
[White "Lange, Jannis"]
[Black "Browning, Alex"]
[Result "0-1"]
[ECO "B96"]
[WhiteElo "2024"]
[BlackElo "2319"]
[Annotator "NA"]
[PlyCount "66"]
[EventDate "2019.06.07"]
[EventType "swiss"]
[EventRounds "9"]
[EventCountry "GER"]
[SourceTitle "playchess.com"]
[Source "ChessBase"]
[SourceQuality "1"]
[TimeControl "40/5400+30:1800+30"]

1. e4 c5 2. Nf3 d6 3. d4 cxd4 4. Nxd4 Nf6 5. Nc3 a6 6. Bg5 e6 7. f4 h6 8. Bh4 Qb6 9. Bxf6 gxf6 10. Qd2 Qxb2 11. Nb3 Qa3 12. Be2 h5 13. O-O Be7 14. Nd1 Qa4 15. Nb2 Qc6 16. Rad1 b5 17. Kh1 Qb6 18. c4 Bd7 19. Bf3 Ra7 20. e5 dxe5 21. fxe5 f5 22. Qc3 Rc7 23. Rc1 Qa7 24. c5 Bc6 25. Nd3 h4 26. h3 Rg8 27. Nf4 Qa8 28. Nh5 Nd7 29. Nd4 Bxf3 30. Nxf3 Rxc5 31. Qd4 Qc6 32. Rcd1 Nxe5 33. Nf4 Nxf3 {[%emt 0:00:14] normal} 0-1

[Event "GER-ch Youth U18 2019"]
[Site "Willingen"]
[Date "2019.06.12"]
[Round "5.8"]
[White "Vuckovic, Zarko"]
[Black "Muetsch, Annmarie"]
[Result "1-0"]
[ECO "A05"]
[WhiteElo "2132"]
[BlackElo "2266"]
[Annotator "NA"]
[PlyCount "105"]
[EventDate "2019.06.07"]
[EventType "swiss"]
[EventRounds "9"]
[EventCountry "GER"]
[SourceTitle "playchess.com"]
[Source "ChessBase"]
[SourceQuality "1"]
[TimeControl "40/5400+30:1800+30"]

1. Nf3 Nf6 2. c4 g6 3. g3 Bg7 4. Bg2 O-O 5. O-O d6 6. Nc3 Nc6 7. Rb1 Bd7 8. b4 e5 9. b5 Ne7 10. d4 exd4 11. Nxd4 Qc8 12. Re1 Nf5 13. Nb3 Ng4 14. Bb2 Ne5 15. Na5 Rb8 16. e4 Ne7 17. Qe2 c6 18. Rbc1 Be6 19. Nd5 cxd5 20. cxd5 Qd8 21. dxe6 Qxa5 22. f4 Qb6+ 23. Kh1 Nd3 24. Qxd3 Bxb2 25. exf7+ Rxf7 26. Rcd1 Bg7 27. Qxd6 Qxd6 28. Rxd6 Nc8 29. Rd8+ Rf8 30. Rd3 Nb6 31. Ra3 Ra8 32. e5 Rf7 33. Rc1 Rd7 34. Bh3 Re7 35. Kg2 g5 36. Kf3 h5 37. Bf5 Bh6 38. Ke4 Nd7 39. Bxd7 Rxd7 40. f5 Rad8 41. f6 g4 42. Rc4 b6 43. e6 Rd6 44. Rc6 Rd4+ 45. Kf5 R4d5+ 46. Kg6 Bd2 47. f7+ Kf8 48. Rxa7 Bg5 49. a4 Rb8 50. Kxh5 Bf6+ 51. Kg6 Bg5 52. Rd7 {[%emt 0:00:00] normal} Re5 53. Rd4 {[%emt 0:00:00] normal} 1-0

[Event "GER-ch Youth U18 2019"]
[Site "Willingen"]
[Date "2019.06.12"]
[Round "5.9"]
[White "Arndt, Magnus"]
[Black "Ewert, Hannes"]
[Result "1/2-1/2"]
[ECO "C84"]
[WhiteElo "2186"]
[BlackElo "2268"]
[Annotator "NA"]
[PlyCount "50"]
[EventDate "2019.06.07"]
[EventType "swiss"]
[EventRounds "9"]
[EventCountry "GER"]
[SourceTitle "playchess.com"]
[Source "ChessBase"]
[SourceQuality "1"]
[TimeControl "40/5400+30:1800+30"]

1. e4 e5 2. Nf3 Nc6 3. Bb5 a6 4. Ba4 Nf6 5. O-O Be7 6. d3 d6 7. c3 O-O 8. h3 h6 9. Re1 Re8 10. Nbd2 Bf8 11. Nf1 b5 12. Bc2 d5 13. a4 Bb7 14. Ng3 Qd7 15. d4 dxe4 16. Nxe5 Nxe5 17. dxe5 Qxd1 18. Rxd1 Rxe5 19. Bf4 Rc5 20. Be3 Rd5 21. Bd4 Rd6 22. axb5 axb5 23. Rxa8 Bxa8 24. Bxf6 Rxf6 25. Rd8 Bb7 {[%emt 0:10:38] normal} 1/2-1/2

[Event "GER-ch Youth U18 2019"]
[Site "Willingen"]
[Date "2019.06.12"]
[Round "5.10"]
[White "Schneider, Jana"]
[Black "Engel, Robert"]
[Result "1/2-1/2"]
[ECO "B93"]
[WhiteElo "2235"]
[BlackElo "2067"]
[Annotator "NA"]
[PlyCount "92"]
[EventDate "2019.06.07"]
[EventType "swiss"]
[EventRounds "9"]
[EventCountry "GER"]
[SourceTitle "playchess.com"]
[Source "ChessBase"]
[SourceQuality "1"]
[TimeControl "40/5400+30:1800+30"]

1. e4 c5 2. Nf3 d6 3. d4 cxd4 4. Nxd4 Nf6 5. Nc3 a6 6. f4 Qc7 7. Bd3 g6 8. O-O Bg7 9. Kh1 O-O 10. Qe1 b5 11. a4 bxa4 12. Nf3 Bb7 13. Qh4 d5 14. e5 Ne4 15. Nxe4 dxe4 16. Ng5 h6 17. Nxe4 Bc6 18. Qg3 Bb5 19. Nc3 Bxd3 20. Qxd3 Nd7 21. Nxa4 Rfd8 22. Qe4 Rac8 23. c3 Nb6 24. Nxb6 Qxb6 25. Qe2 Qb5 26. Qxb5 axb5 27. Ra7 e6 28. Rb7 Rd5 29. Be3 Bf8 30. Ra1 Rd3 31. Bd4 b4 32. Kg1 Rd2 33. Rb1 Ra8 34. Ra7 Rc8 35. Ra4 Rb8 36. Kf1 bxc3 37. Bxc3 Rc2 38. Bd4 Bb4 39. Rd1 Bc5 40. Bxc5 Rxc5 41. Rd2 Rcb5 42. Ra2 g5 43. g3 Kg7 44. Kg2 Kg6 45. Rf2 gxf4 46. gxf4 R8b7 {[%emt 0:00:31] normal} 1/2-1/2

[Event "GER-ch Youth U18 2019"]
[Site "Willingen"]
[Date "2019.06.12"]
[Round "5.11"]
[White "Goldbeck, Lars"]
[Black "Knoedler, Marcel"]
[Result "1-0"]
[ECO "D35"]
[WhiteElo "2199"]
[BlackElo "1633"]
[Annotator "NA"]
[PlyCount "61"]
[EventDate "2019.06.07"]
[EventType "swiss"]
[EventRounds "9"]
[EventCountry "GER"]
[SourceTitle "playchess.com"]
[Source "ChessBase"]
[SourceQuality "1"]
[TimeControl "40/5400+30:1800+30"]

1. d4 d5 2. c4 e6 3. Nc3 Nf6 4. cxd5 exd5 5. Bg5 Be7 6. e3 c6 7. Bd3 Be6 8. h3 a5 9. Nf3 h6 10. Bf4 Bd6 11. Ne5 Qc7 12. Rc1 Qe7 13. O-O Nfd7 14. e4 Nxe5 15. dxe5 Bc7 16. exd5 cxd5 17. Bb5+ Nc6 18. Nxd5 Bxd5 19. Qxd5 O-O 20. Bxc6 bxc6 21. Qxc6 Rac8 22. Qb7 Qb4 23. Rxc7 Rxc7 24. Qxc7 Qxf4 25. Qxa5 Re8 26. Re1 Kh7 27. Qc3 g5 28. b4 h5 29. b5 Qa4 30. Qf3 Kg6 31. Qf6+ {[%emt 0:00:03] normal} 1-0